MLB
SAN FRANCISCO GIANTS @ ST. LOUIS CARDINALS
08/04/2047
 
TOP OF THE 1ST
San Francisco Giants batting - Pitching for St. Louis Cardinals : LHP John Fisher
Pitching: LHP John Fisher
Batting: RHB Nick Rigden 0-0: Called Strike
0-1: Ball
1-1: Called Strike
1-2: Ball
2-2: Strikes out swinging
Batting: LHB Carey Horncole 0-0: Ground out 6-3 (Groundball, 6, EV 83.1 MPH)
Batting: RHB Sean Zielinski 0-0: Foul Ball, location: 2F
0-1: Ball
1-1: Ball
2-1: Foul Ball, location: 2F
2-2: Ball
3-2: Base on Balls
Batting: LHB Jack Henningar 0-0: Called Strike
Sean Zielinski steals 2nd base
0-1: SINGLE (Groundball, 3S, EV 73.1 MPH) (infield hit)
Sean Zielinski to third
Batting: RHB Kevin Howard 0-0: Foul Ball, location: 2F
0-1: Ball
1-1: Foul Ball, location: 2F
1-2: Ball
2-2: Strikes out swinging
Top of the 1st over - 0 runs, 1 hit, 0 errors, 2 left on base; San Francisco 0 - St. Louis 0
BOTTOM OF THE 1ST
St. Louis Cardinals batting - Pitching for San Francisco Giants : RHP Curt Howland
Pitching: RHP Curt Howland
Batting: LHB Tom Butterbaugh 0-0: Foul Ball, location: 2F
0-1: Called Strike
0-2: Ball
1-2: Foul Ball, location: 2F
1-2: Ball
2-2: Ball
3-2: Foul Ball, location: 2F
3-2: Fly out, F9 (Line Drive, 89S, EV 101.9 MPH)
Batting: LHB Ichiro Toyota 0-0: Ball
1-0: Ground out 6-3 (Groundball, 6M, EV 88.8 MPH)
Batting: SHB Antoine Roux 0-0: Swinging Strike
0-1: Ball
1-1: Ball
2-1: Called Strike
2-2: Strikes out swinging
Bottom of the 1st over - 0 runs, 0 hits, 0 errors, 0 left on base; San Francisco 0 - St. Louis 0
TOP OF THE 2ND
San Francisco Giants batting - Pitching for St. Louis Cardinals : LHP John Fisher
Batting: SHB Ryan Doss 0-0: Swinging Strike
0-1: Ball
1-1: Ball
2-1: Ball
3-1: Foul Ball, location: 2F
3-2: Strikes out swinging
Batting: RHB Lucan Esini 0-0: Called Strike
0-1: Swinging Strike
0-2: Strikes out swinging, 2-3 out at first.
Batting: SHB Bill Dooms 0-0: Ball
1-0: Fly out, F4 (Popup, 34, EV 79.4 MPH)
Top of the 2nd over - 0 runs, 0 hits, 0 errors, 0 left on base; San Francisco 0 - St. Louis 0
BOTTOM OF THE 2ND
St. Louis Cardinals batting - Pitching for San Francisco Giants : RHP Curt Howland
Batting: LHB Pat Sutton 0-0: Ball
1-0: Foul Ball, location: 2F
1-1: Foul Ball, location: 2F
1-2: Foul Ball, location: 2F
1-2: Ball
2-2: Strikes out swinging
Batting: RHB Tenshou Takita 0-0: Ball
1-0: Ball
2-0: Foul Ball, location: 2F
2-1: Called Strike
2-2: Ball
3-2: Fly out, F9 (Flyball, 89M, EV 79.4 MPH)
Batting: RHB Jordan Diaz 0-0: Called Strike
0-1: Foul Ball, location: 2F
0-2: Foul Ball, location: 2F
0-2: Strikes out swinging
Bottom of the 2nd over - 0 runs, 0 hits, 0 errors, 0 left on base; San Francisco 0 - St. Louis 0
TOP OF THE 3RD
San Francisco Giants batting - Pitching for St. Louis Cardinals : LHP John Fisher
Batting: LHB John Blair 0-0: Bunt for hit to 15 - play at first, batter OUT! 1-3
Batting: RHB Nick Rigden 0-0: SOLO HOME RUN (Flyball, 7D, EV 95.6 MPH), Distance : 363 ft
Batting: LHB Carey Horncole 0-0: Called Strike
0-1: Ball
1-1: Ball
2-1: Ball
3-1: Called Strike
3-2: Foul Ball, location: 2F
3-2: Strikes out swinging
Batting: RHB Sean Zielinski 0-0: Swinging Strike
0-1: Swinging Strike
0-2: Strikes out swinging
Top of the 3rd over - 1 run, 1 hit, 0 errors, 0 left on base; San Francisco 1 - St. Louis 0
BOTTOM OF THE 3RD
St. Louis Cardinals batting - Pitching for San Francisco Giants : RHP Curt Howland
Batting: RHB Pedro Nin 0-0: Ground out 6-3 (Groundball, 6, EV 102.5 MPH)
Batting: RHB Klaas Meij 0-0: Ground out 1-3 (Groundball, 15S, EV 68.8 MPH)
Batting: SHB Jason Kirby 0-0: Foul Ball, location: 2F
0-1: Foul Ball, location: 2F
0-2: Strikes out swinging
Bottom of the 3rd over - 0 runs, 0 hits, 0 errors, 0 left on base; San Francisco 1 - St. Louis 0
TOP OF THE 4TH
San Francisco Giants batting - Pitching for St. Louis Cardinals : LHP John Fisher
Batting: LHB Jack Henningar 0-0: Foul Ball, location: 2F
0-1: Foul Ball, location: 2F
0-2: Ball
1-2: Ball
2-2: Ball
3-2: Fly out, F7 (Flyball, 7D, EV 78.1 MPH)
Batting: RHB Kevin Howard 0-0: Ball
1-0: Called Strike
1-1: Called Strike
1-2: Strikes out looking
Batting: SHB Ryan Doss 0-0: Called Strike
0-1: Ball
1-1: Ball
2-1: Foul Ball, location: 2F
2-2: Strikes out swinging
Top of the 4th over - 0 runs, 0 hits, 0 errors, 0 left on base; San Francisco 1 - St. Louis 0
BOTTOM OF THE 4TH
St. Louis Cardinals batting - Pitching for San Francisco Giants : RHP Curt Howland
Batting: LHB Tom Butterbaugh 0-0: Ball
1-0: Ball
2-0: Foul Ball, location: 2F
2-1: Called Strike
2-2: Strikes out swinging
Batting: LHB Ichiro Toyota 0-0: Ball
1-0: SINGLE (Line Drive, 78S, EV 87.5 MPH)
Batting: SHB Antoine Roux 0-0: Ball
1-0: Ball
2-0: Ball
3-0: Called Strike
3-1: Swinging Strike
3-2: Base on Balls
Ichiro Toyota to second
Batting: LHB Pat Sutton 0-0: Foul Ball, location: 2F
0-1: Grounds into double play, 4-6-3 (Groundball, 4, EV 88.8 MPH)
Bottom of the 4th over - 0 runs, 1 hit, 0 errors, 1 left on base; San Francisco 1 - St. Louis 0
TOP OF THE 5TH
San Francisco Giants batting - Pitching for St. Louis Cardinals : LHP John Fisher
Batting: RHB Lucan Esini 0-0: Ball
1-0: Called Strike
1-1: Called Strike
1-2: Ball
2-2: Strikes out swinging
Batting: SHB Bill Dooms 0-0: Fly out, F6 (Line Drive, 6, EV 69.4 MPH)
Batting: LHB John Blair 0-0: Called Strike
0-1: Ball
1-1: Foul Ball, location: 2F
1-2: Ball
2-2: Foul Ball, location: 2F
2-2: Ball
3-2: Strikes out swinging
Top of the 5th over - 0 runs, 0 hits, 0 errors, 0 left on base; San Francisco 1 - St. Louis 0
BOTTOM OF THE 5TH
St. Louis Cardinals batting - Pitching for San Francisco Giants : RHP Curt Howland
Batting: RHB Tenshou Takita 0-0: Ball
1-0: Called Strike
1-1: Ball
2-1: Called Strike
2-2: Strikes out swinging
Batting: RHB Jordan Diaz 0-0: Called Strike
0-1: Called Strike
0-2: Foul Ball, location: 2F
0-2: Foul Ball, location: 2F
0-2: Strikes out swinging
Batting: RHB Pedro Nin 0-0: Ball
1-0: Called Strike
1-1: Foul Ball, location: 2F
1-2: Ball
2-2: Strikes out swinging
Bottom of the 5th over - 0 runs, 0 hits, 0 errors, 0 left on base; San Francisco 1 - St. Louis 0
TOP OF THE 6TH
San Francisco Giants batting - Pitching for St. Louis Cardinals : LHP John Fisher
Batting: RHB Nick Rigden 0-0: Ball
1-0: Called Strike
1-1: Called Strike
1-2: Hit by Pitch
Batting: LHB Carey Horncole 0-0: Ball
1-0: Swinging Strike
1-1: Foul Ball, location: 2F
1-2: Ball
2-2: Foul Ball, location: 2F
2-2: Ball
3-2: Foul Ball, location: 2F
3-2: Foul Ball, location: 2F
3-2: Strikes out swinging
Batting: RHB Sean Zielinski 0-0: Ball
1-0: Foul Ball, location: 2F
1-1: Ball
2-1: Ball
3-1: SINGLE (Groundball, 25, EV 68.8 MPH) (infield hit)
Nick Rigden to second
Batting: LHB Jack Henningar 0-0: DOUBLE (Line Drive, 9LD, EV 112.5 MPH)
Nick Rigden scores
Sean Zielinski to third
Batting: RHB Kevin Howard 0-0: Intentional Walk
Batting: SHB Ryan Doss 0-0: Grounds into fielders choice 6-2 (Groundball, 6, EV 90.0 MPH)
Jack Henningar to third
Kevin Howard to second
Batting: RHB Lucan Esini 0-0: Ground out 5-3 (Groundball, 56, EV 104.4 MPH)
Top of the 6th over - 1 run, 2 hits, 0 errors, 3 left on base; San Francisco 2 - St. Louis 0
BOTTOM OF THE 6TH
St. Louis Cardinals batting - Pitching for San Francisco Giants : RHP Curt Howland
Batting: RHB Klaas Meij 0-0: Ball
1-0: Swinging Strike
1-1: SOLO HOME RUN (Line Drive, 9LD, EV 95.6 MPH), Distance : 355 ft
Batting: SHB Jason Kirby 0-0: Swinging Strike
0-1: Fly out, F8 (Flyball, 8RD, EV 89.4 MPH)
Batting: LHB Tom Butterbaugh 0-0: Ball
1-0: Ball
2-0: Foul Ball, location: 2F
2-1: Ball
3-1: Foul Ball, location: 2F
3-2: DOUBLE (Flyball, 9LD, EV 105.0 MPH)
Batting: LHB Ichiro Toyota 0-0: Fly out, F8 (Line Drive, 8RD, EV 93.1 MPH)
Batting: SHB Antoine Roux 0-0: Ball
1-0: Called Strike
1-1: Swinging Strike
1-2: Strikes out swinging
Bottom of the 6th over - 1 run, 2 hits, 0 errors, 1 left on base; San Francisco 2 - St. Louis 1
TOP OF THE 7TH
San Francisco Giants batting - Pitching for St. Louis Cardinals : LHP John Fisher
Batting: SHB Bill Dooms 0-0: Ball
1-0: SOLO HOME RUN (Flyball, 7D, EV 94.4 MPH), Distance : 383 ft
Batting: LHB John Blair 0-0: Ball
1-0: Fly out, F9 (Flyball, 9D, EV 107.5 MPH)
Batting: RHB Nick Rigden 0-0: Foul Ball, location: 2F
0-1: Called Strike
0-2: Strikes out looking
Batting: LHB Carey Horncole 0-0: Ball
1-0: Ball
2-0: Ground out 4-3 (Groundball, 4, EV 85.0 MPH)
Top of the 7th over - 1 run, 1 hit, 0 errors, 0 left on base; San Francisco 3 - St. Louis 1
BOTTOM OF THE 7TH
St. Louis Cardinals batting - Pitching for San Francisco Giants : RHP Curt Howland
Batting: LHB Pat Sutton 0-0: Swinging Strike
0-1: Foul Ball, location: 2F
0-2: Ball
1-2: Ball
2-2: Foul Ball, location: 2F
2-2: Strikes out swinging
Batting: RHB Tenshou Takita 0-0: Called Strike
0-1: Ground out 6-3 (Groundball, 6, EV 87.5 MPH)
Batting: RHB Jordan Diaz 0-0: Called Strike
0-1: Called Strike
0-2: Ball
1-2: Ball
2-2: Strikes out looking
Bottom of the 7th over - 0 runs, 0 hits, 0 errors, 0 left on base; San Francisco 3 - St. Louis 1
TOP OF THE 8TH
San Francisco Giants batting - Pitching for St. Louis Cardinals : LHP John Fisher
Pitching: RHP David Murphy
Batting: RHB Sean Zielinski 0-0: Ball
1-0: Ball
2-0: Ball
3-0: Called Strike
3-1: Ground out 3-1 (Groundball, 34D, EV 111.2 MPH)
Batting: LHB Jack Henningar 0-0: Ball
1-0: Ball
2-0: Ball
3-0: Called Strike
3-1: Foul Ball, location: 2F
3-2: Base on Balls
Batting: RHB Kevin Howard 0-0: Ball
1-0: Foul Ball, location: 2F
1-1: Called Strike
Jack Henningar is caught stealing 2nd base 2-4
1-2: Strikes out swinging
Top of the 8th over - 0 runs, 0 hits, 0 errors, 0 left on base; San Francisco 3 - St. Louis 1
BOTTOM OF THE 8TH
St. Louis Cardinals batting - Pitching for San Francisco Giants : RHP Curt Howland
Batting: RHB Pedro Nin 0-0: SINGLE (Flyball, 34D, EV 83.8 MPH)
Batting: RHB Klaas Meij 0-0: Ball
1-0: Ball
2-0: Ball
3-0: Base on Balls
Pedro Nin to second
Batting: SHB Jason Kirby 0-0: Ball
1-0: Sac Bunt to 13 - play at first, batter OUT! 1-4
Pedro Nin to third
Klaas Meij to second
Batting: LHB Tom Butterbaugh 0-0: Ball
1-0: Ball
2-0: Ball
3-0: Base on Balls
Batting: LHB Ichiro Toyota 0-0: Called Strike
0-1: Fly out, F9 (Flyball, 89M, EV 90.0 MPH)
Runner from 3rd tags up, SCORES, no throw by RF
Pitching: RHP Filip Nebylitsin
Batting: SHB Antoine Roux 0-0: Ball
1-0: 3-RUN HOME RUN (Flyball, 7LD, EV 92.5 MPH), Distance : 341 ft
Batting: LHB Pat Sutton 0-0: Ground out 4-3 (Groundball, 4, EV 83.8 MPH)
Bottom of the 8th over - 4 runs, 2 hits, 0 errors, 0 left on base; San Francisco 3 - St. Louis 5
TOP OF THE 9TH
San Francisco Giants batting - Pitching for St. Louis Cardinals : RHP David Murphy
Pitching: RHP Bryan Banana
Now in LF: Melvin Enriquez
Batting: SHB Ryan Doss 0-0: Ball
1-0: Ball
2-0: Swinging Strike
2-1: Fly out, F9 (Flyball, 89M, EV 90.6 MPH)
Batting: RHB Lucan Esini 0-0: Ball
1-0: Ball
2-0: Called Strike
2-1: Foul Ball, location: 2F
2-2: Ball
3-2: Strikes out swinging, 2-3 out at first.
Batting: SHB Bill Dooms 0-0: Called Strike
0-1: Fly out, F9 (Flyball, 89M, EV 89.4 MPH)
Top of the 9th over - 0 runs, 0 hits, 0 errors, 0 left on base; San Francisco 3 - St. Louis 5
Thursday, December 15th , 2022 - OOTP Baseball 23.9 Build 102